Map: Acid Plant LE

Players

DnS - Winner!

  • Race: Protoss Protoss
  • Spawn Location: 5:00

Frontstab

  • Race: Protoss Protoss
  • Spawn Location: 11:00

Event: WCS Montreal 2018

VOD

Have the link to the VOD?

Description

Time

  • Played on: Sept. 7, 2018, 12:21 p.m.
  • Length: 9:23

All games in this series

Show
View Real Time Build Order
Export as new Build Order

DnS Protoss - Winner!

Build Orders:  

Get SALT Encoding   

  12  0:00  Probe  
  13  0:12  Probe  
  14  0:17  Pylon  
  14  0:23  Probe  
  15  0:32  Probe  
  15  0:38  Gateway  
  15  0:40  Probe  
  16  0:46  Assimilator  
  17  0:50  Probe  
  17  0:54  Assimilator  
  18  0:58  Probe  
  19  1:06  Probe  
  19  1:07  Gateway  
  20  1:17  Probe  
  21  1:32  Cybernetics Core  
  21  1:34  Pylon  
  21  1:50  Pylon  
  21  1:58  Stalker  
  20  2:08  Stalker  
  24  2:12  Shield Battery  
  24  2:28  Stalker  
  26  2:33  Pylon  
  26  2:42  Pylon  
  25  2:45  Pylon  
  19  4:01  Nexus  
  18  4:12  Probe  
  19  4:21  Pylon  
  17  5:16  Gateway  
  17  5:29  Assimilator  
  17  5:34  Gateway  
  17  5:38  Probe  
  18  5:50  Pylon  
  18  5:54  Probe  
  19  6:04  Cybernetics Core  
  19  6:28  Probe  
  19  6:31  Warp Gate  
  20  6:41  Stalker x2  
  20  6:43  Robotics Facility  
  20  6:46  Shield Battery  
  24  6:54  Pylon  
  23  7:11  Stalker x2  
  27  7:20  Immortal, Pylon  
  27  7:41  Stalker x2  
  27  7:50  Shield Battery  
  27  7:54  Shield Battery  
  25  8:10  Immortal  
  23  8:35  Stalker x2  
  31  9:03  Stalker  
  31  9:06  Zealot  
Show
View Real Time Build Order
Export as new Build Order

Frontstab Protoss 

Build Orders: Cannon Rush 

Get SALT Encoding   

  1  0:00  Probe  
  12  0:04  Probe  
  14  0:20  Pylon  
  14  0:22  Probe  
  15  0:38  Probe  
  15  0:42  Forge  
  16  0:50  Probe  
  17  1:01  Pylon  
  17  1:03  Probe  
  18  1:16  Probe  
  19  1:20  Photon Cannon  
  19  1:27  Pylon  
  19  1:35  Pylon  
  19  1:37  Pylon  
  19  1:54  Photon Cannon  
  19  1:55  Photon Cannon  
  19  2:01  Photon Cannon  
  19  2:18  Photon Cannon  
  19  2:20  Photon Cannon  
  19  2:21  Photon Cannon  
  19  2:24  Photon Cannon  
  19  2:33  Photon Cannon  
  19  2:42  Photon Cannon  
  19  2:47  Photon Cannon  
  19  2:55  Photon Cannon  
  19  2:56  Photon Cannon  
  19  3:06  Gateway  
  19  3:13  Photon Cannon  
  19  3:23  Assimilator  
  19  3:24  Assimilator  
  19  3:38  Photon Cannon  
  19  3:56  Photon Cannon x2  
  19  4:04  Photon Cannon  
  19  4:07  Photon Cannon  
  19  4:13  Cybernetics Core  
  19  4:17  Photon Cannon  
  19  4:22  Probe  
  19  4:34  Probe  
  20  4:41  Pylon  
  20  4:43  Pylon  
  20  4:46  Probe  
  22  5:01  Gateway x2  
  22  5:18  Probe  
  22  5:21  Gateway  
  23  5:31  Photon Cannon  
  23  5:41  Stalker  
  23  5:42  Pylon  
  23  5:45  Stalker  
  27  6:09  Pylon  
  27  6:13  Stalker  
  27  6:15  Probe  
  30  6:20  Stalker  
  30  6:23  Stalker  
  30  6:32  Stalker  
  34  6:39  Probe  
  35  6:41  Pylon  
  35  6:48  Warp Gate  
  35  6:49  Stalker  
  35  6:51  Probe  
  38  6:55  Stalker  
  40  7:03  Probe  
  41  7:10  Stalker  
  43  7:20  Pylon  
  43  7:28  Stalker  
  43  7:50  Shield Battery  
  43  7:51  Shield Battery  
  43  7:58  Stalker  
  43  8:21  Stalker x3  
  47  8:28  Stalker  
  47  8:32  Shield Battery  
  49  8:52  Shield Battery  
Tags
 
Matchup
PvP
Player
DnS
Spawn Locations
Cross Positions
Add a new tag
Caveats
  • Supply blocks, unpowered buildings, or Contaminate may cause inaccurate times.
  • Supply counts are checked every 10 seconds.